 Dungeon Crawl Stone Soup version 0.31-a0-187-gba352fbbf7 (webtiles) character file.

Game seed: 17373857858631656710

116 qw the Skirmisher (level 4, -1/25 HPs)
             Began as a Deep Elf Hunter on June 22, 2023.
             Killed from afar by an orc wizard (4 damage)
             ... with a magic dart
             ... on level 2 of the Dungeon.
             The game lasted 00:00:47 (1918 turns).

qw the Skirmisher (Deep Elf Hunter)                 Turns: 1918, Time: 00:00:48

Health: -1/25      AC:  7    Str: 10    XL:     4   Next: 70%
Magic:  6/6        EV:  9    Int: 14    God:
Gold:   99         SH:  0    Dex: 18    Spells: 3/3 levels left

rFire   . . .        Y - +0 shortbow
rCold   . . .        (shield currently unavailable)
rNeg    + . .        k - +0 scale mail
rPois   .            b - +0 helmet
rElec   .            (no cloak)
rCorr   .            (no gloves)
SInv    .            (no boots)
Will    .....        (no amulet)
Stlth   +            e - ring of positive energy
HPRegen 0.24/turn    (no ring)
MPRegen 0.10/turn

%: no passive effects
@: no status effects
A: no striking features
a: no special abilities


You were on level 2 of the Dungeon.
You visited 1 branch of the dungeon, and saw 3 of its levels.

You collected 99 gold pieces.


   Skills:
 - Level 1.5 Fighting
 + Level 8.1 Ranged Weapons
 - Level 2.4 Dodging
 - Level 1.2 Stealth


You had 3 spell levels left.
You didn't know any spells.
Your spell library was empty.

Inventory:

Hand Weapons
 Y - a +0 shortbow (weapon)
Armour
 b - a +0 helmet (worn)
 k - a +0 scale mail (worn)
Jewellery
 e - a ring of positive energy (left hand)
Scrolls
 l - a scroll of teleportation
Potions
 a - a potion of resistance {unknown}
 f - a potion of cancellation {unknown}
 g - a potion of magic {unknown}
 h - a potion of attraction {unknown}
 j - a potion of heal wounds {unknown}

Dungeon Overview and Level Annotations

Branches:
Dungeon (3/15)

Altars:

Shops:
D:1 (


Message History

A magic dart appears from out of thin air!
The magic dart hits you.
You shoot an arrow. The arrow hits the orc!
You kill the orc!
Something hits you but does no damage.
You shoot an arrow. Something hits you.
You shoot an arrow. Something hits you.
You shoot an arrow.
You hear some strange, mumbled words.
Something tries to affect you, but you resist.
You hear some strange, mumbled words.
A magic dart appears from out of thin air!
The magic dart hits you.
You shoot an arrow.
You hear some strange, mumbled words.
A puff of flame appears from out of thin air!
The puff of flame hits you.
You shoot an arrow. Something hits you.
You shoot an arrow.
Something hits you but does no damage. x2
You shoot an arrow. Something hits you but does no damage.
You shoot an arrow. Something hits you but does no damage.
You shoot an arrow.
Something hits you but does no damage. x2
You shoot an arrow. Something hits you but does no damage.
You shoot an arrow. Something hits you.
You shoot an arrow. Something hits you but does no damage.
You shoot an arrow.
You hear some strange, mumbled words.
A magic dart appears from out of thin air!
The magic dart hits you.
You die...

##.##.##.# #.#.###### ...##.#####
#.#.#...####### ##.##.....#
#.........#.... #.#.####.#
#.#.#.....#.### ##.#.# #.#
#.#.#.....#.... ...#.####.#
##.#.####..#..## ..........######
#......##..#..#.
...#..#........###.#..#.#...#..#.
#.##..#.######..@#.#..#.#...#..#.
#.##.........#..{).#...........#.
.....##.###..#.....##.#.#.##..##.
#######.###..#.#...............%.
#...........##.#.#####.#.#.
###......#..#.......##.#.#.
#######.#####..#...#.....?#.#.
#..^8^..# #..........##.....
#.###########......######.#...


There were no monsters in sight!

Vanquished Creatures
  An orc priest (D:3)
  2 adders
  A worm (D:2)
  3 dart slugs (D:1)
  3 orcs
  4 ball pythons
  3 endoplasms
  3 giant cockroaches
  6 hobgoblins
  6 jackals (D:2)
  A quokka (D:3)
  5 bats
  A frilled lizard (D:3)
  6 goblins
  5 kobolds
  A rat (D:1)
51 creatures vanquished.

Notes
Turn   | Place    | Note
-------+----------+-------------------------------------------
     0 | D:1      | qw the Deep Elf Hunter began the quest for the Orb.
     0 | D:1      | Reached XP level 1. HP: 12/12 MP: 3/3
     0 | D:1      | 0 ||| qw: Version: 0.3-a-9-g12657ce
     0 | D:1      | 0 ||| qw: Game counter: 1940
     0 | D:1      | 0 ||| qw: Always use a shield: true
     0 | D:1      | 0 ||| qw: God list: Okawaru
     0 | D:1      | 0 ||| qw: Allow faded altars: false
     0 | D:1      | 0 ||| qw: Do Orc after D:15 true
     0 | D:1      | 0 ||| qw: Do second Lair branch before Depths: true
     0 | D:1      | 0 ||| qw: Lair rune preference: random
     0 | D:1      | 0 ||| qw: Plans: Normal
     0 | D:1      | 0 ||| PLANNING D:1-11
   252 | D:1      | Reached skill level 6 in Ranged Weapons
   252 | D:1      | Reached XP level 2. HP: 16/16 MP: 4/4
   534 | D:1      | Found Lezer's Antique Weapon Boutique.
   535 | D:1      | 535 ||| UPGRADING to +0 scale mail.
   548 | D:1      | 548 ||| DROPPING +0 leather armour.
   553 | D:1      | 553 ||| SHOPLISTING glowing sling (112 gold, have 10).
   553 | D:1      | 553 ||| SHOPLISTING runed sling (112 gold, have 10).
   771 | D:1      | 771 ||| UPGRADING to ring of positive energy.
   772 | D:1      | 772 ||| READING 2 scrolls labelled OKIVEL HOATA.
   773 | D:1      | 773 ||| READING scroll labelled AMEUVUIPLA.
   774 | D:1      | 774 ||| READING scroll labelled UWNOAN BUAPH.
   775 | D:1      | 775 ||| READING 2 scrolls labelled YKIMNE ECRIUDD.
   780 | D:1      | 780 ||| DRINKING 2 ruby potions.
   781 | D:1      | 781 ||| DROPPING scroll of vulnerability.
   782 | D:1      | 782 ||| DROPPING scroll of butterflies.
   884 | D:2      | 884 ||| Stepping ~*~*~tactically~*~*~ (outnumbered).
   890 | D:2      | Reached XP level 3. HP: 9/20 MP: 5/5
   996 | D:2      | Reached skill level 7 in Ranged Weapons
  1583 | D:2      | 1583 ||| UPGRADING to +0 helmet.
  1588 | D:2      | 1588 ||| READING scroll labelled WOUPUM JASTRIVA.
  1640 | D:3      | Reached XP level 4. HP: 25/25 MP: 6/6
  1674 | D:3      | Found a faded altar of an unknown god.
  1724 | D:3      | 1724 ||| FLEEEEING.
  1725 | D:3      | 1725 ||| FLEEEEING.
  1726 | D:3      | 1726 ||| FLEEEEING.
  1727 | D:3      | 1727 ||| FLEEEEING.
  1730 | D:3      | 1730 ||| FLEEEEING.
  1731 | D:3      | 1731 ||| FLEEEEING.
  1732 | D:3      | 1732 ||| FLEEEEING.
  1735 | D:3      | 1735 ||| FLEEEEING.
  1738 | D:3      | 1738 ||| FLEEEEING.
  1739 | D:3      | 1739 ||| FLEEEEING.
  1740 | D:3      | 1740 ||| FLEEEEING.
  1741 | D:3      | 1741 ||| FLEEEEING.
  1742 | D:3      | 1742 ||| FLEEEEING.
  1743 | D:3      | 1743 ||| FLEEEEING.
  1746 | D:3      | 1746 ||| STAIRDANCE
  1805 | D:3      | 1805 ||| DRINKING 2 potions of curing.
  1805 | D:3      | 1805 ||| (to cure confusion)
  1809 | D:3      | Reached skill level 8 in Ranged Weapons
  1809 | D:3      | 1809 ||| FLEEEEING.
  1809 | D:3      | HP: 4/25 [something/magic dart (6)]
  1810 | D:3      | 1810 ||| STAIRDANCE
  1897 | D:3      | 1897 ||| STAIRDANCE
  1901 | D:2      | 1901 ||| DRINKING potion of curing.
  1901 | D:2      | 1901 ||| (to cure confusion)
  1909 | D:2      | HP: 3/25 [something/puff of flame (6)]
  1916 | D:2      | HP: 3/25 [something (2)]
  1918 | D:2      | Killed from afar by an orc wizard

Levels and vault maps discovered:
D:1:      lightli_iron_boxes, layout_loops_corners, serial_shops, shop_statue,
          amcnicky_mini_corridor_feature
D:2:      layout_basic, ebering_dispersal_statue_hall, grunt_ministairs_9,
          corexii_item_surrounded_by_moat, minmay_misc_feat_rugged
D:3:      layout_basic, shapermc_ecumenical_altar_acropolis, uniq_grinder

Skill      XL: |  1  2  3  4 |
---------------+-------------+-----
Ranged Weapons | 6 7 8 |  8.1
Fighting       | |  1.5
Dodging        | |  2.4
Stealth        | |  1.2

Action                     |  1- 3 |  4- 6 || total
---------------------------+-------+-------++-------
   Fire: Shortbow          |   122 |    45 ||   167
    Use: Scroll            |     5 |       ||     5
         Potion            |     1 |     2 ||     3
 Armour: Leather armour    |     5 |       ||     5
         Scale mail        |     8 |    24 ||    32
  Dodge: Dodged            |    23 |    12 ||    35

Table legend:
 A = Non-vault XP
 B = Vault XP
 C = Vault XP percentage of total XP
 D = Non-vault monster count
 E = Vault monster count
 F = Vault count percentage of total count
                 A         B        C        D         E       F
            +---------+---------+-------+---------+---------+-------
      Total |     161 |       6 |   3.6 |      49 |       2 |   3.9
            +---------+---------+-------+---------+---------+-------
        D:1 |      34 |       0 |   0.0 |      17 |       0 |   0.0
        D:2 |      50 |       6 |  10.7 |      20 |       2 |   9.1
        D:3 |      77 |       0 |   0.0 |      12 |       0 |   0.0
            +---------+---------+-------+---------+---------+-------
